 Dungeon Crawl Stone Soup version 0.18.1-8-gdd0e5ea (webtiles) character file.

279 oplop the Vexing (level 6, -3/41 HPs)
             Began as a Vampire Enchanter on May 21, 2016.
             Slain by a hippogriff (7 damage)
             ... on level 4 of the Dungeon.
             The game lasted 00:04:42 (2578 turns).

oplop the Vexing (Vampire Enchanter)                Turns: 2578, Time: 00:04:43

Health: -3/41      AC:  3    Str:  7    XL:     6   Next: 5%
Magic:  4/11       EV: 13    Int: 18    God:
Gold:   190        SH:  0    Dex: 16    Spells: 4 memorised, 3 levels left

rFire  . . .     SeeInvis +     a - +1 dagger
rCold  . . .     Gourm    .     b - +1 robe
rNeg   + . .     Faith    .     (no shield)
rPois  +         Spirit   .     (no helmet)
rElec  .         Dismiss  .     (no cloak)
rCorr  .         Reflect  .     (no gloves)
SustAt .         Harm     .     (no boots)
MR     +....                    (no amulet)
Stlth  ++++......               j - ring of poison resistance
                                f - ring of protection from magic

@: somewhat resistant to hostile enchantments, stealthy
A: fangs 3, see invisible, unbreathing
a: Bat Form


You were on level 4 of the Dungeon.
You were not thirsty.

You visited 1 branch of the dungeon, and saw 4 of its levels.

You collected 190 gold pieces.

Inventory:

Hand Weapons
 a - a +1 dagger (weapon)
Missiles
 i - 5 curare-tipped needles
Armour
 b - a +1 robe (worn)
Jewellery
 f - a ring of protection from magic (left hand)
 j - a ring of poison resistance (right hand)
Wands
 p - a wand of random effects (36/48)
Scrolls
 k - a scroll of noise {unknown}
 n - 2 scrolls of identify {unknown}
 o - a scroll of fear {unknown}
 q - a scroll of enchant weapon {unknown}
 r - a scroll of recharging {unknown}
 u - a scroll of random uselessness {unknown}
Potions
 d - a potion of might {unknown}
 e - a potion of flight {unknown}
 g - 4 potions of degeneration {unknown}
 h - a potion of lignification {unknown}
 m - a potion of berserk rage {unknown}
 t - 2 potions of heal wounds {unknown}
Books
 c - a book of Maledictions

   Spells                             Type                      Level
   a - Corona                         Hexes                        1
   b - Ensorcelled Hibernation        Hexes/Ice                    2
   c - Confuse                        Hexes                        3
   d - Tukima's Dance                 Hexes                        3
   e - Dazzling Spray                 Conjuration/Hexes            3
 s - a book of Beasts

   Spells                             Type                      Level
   a - Summon Butterflies             Summoning                    1
   b - Call Canine Familiar           Summoning                    3
   c - Summon Ice Beast               Ice/Summoning                4
   d - Summon Mana Viper              Hexes/Summoning              5
   e - Summon Hydra                   Summoning                    7


   Skills:
 - Level 1.1 Short Blades
 - Level 2.1 Dodging
 + Level 6.8 Stealth
 + Level 3.7 Spellcasting
 + Level 6.8 Hexes


You had 3 spell levels left.
You knew the following spells:

 Your Spells              Type           Power        Failure   Level  Hunger
a - Corona                Hex            ####...      1%          1    None
b - Ensorcelled Hibernat  Hex/Ice        ###...       8%          2    ##.....
c - Confuse               Hex            ####....     2%          3    ###....
d - Tukima's Dance        Hex            ####....     2%          3    ###....


Dungeon Overview and Level Annotations

Branches:
Dungeon (4/15)
 Temple: D:4-7

Altars:
Nemelex Xobeh
Zin


Innate Abilities, Weirdness & Mutations

You have razor-sharp teeth.
You have supernaturally acute eyesight.
You can survive without breathing.


Message History

The hippogriff looks drowsy...
The helpless hippogriff fails to defend itself.
You impale the hippogriff!!
The hippogriff is almost dead.
The hippogriff bites you! The hippogriff misses you. The hippogriff claws you.
There isn't anything here!
Casting: Ensorcelled Hibernation
Confirm with . or Enter, or press ? or * to list all spells.
Aiming: Confuse
Press: ? - help, Shift-Dir - straight line, f/p - hippogriff
Aim: a hippogriff (almost dead, chance to defeat MR: 56%)
The hippogriff appears confused.
The hippogriff barely misses you. The hippogriff pecks you.
* * * LOW HITPOINT WARNING * * *
The hippogriff claws you!
* * * LOW HITPOINT WARNING * * *
You hit the hippogriff.
The hippogriff is almost dead.
The hippogriff barely misses you. The hippogriff pecks you!
You die...

#..##..W.# ##.####.##
.. #.####.# .# #
#......# .# #
#####.(###.# # #....#.#
#### ##.#<..# ...#
#.#..#######
##.########
#...@H......
#........###..##.......
########...............
#########.......
....... ....... #######


You could see a hippogriff (confused).

Vanquished Creatures
  A phantom (D:4)
  A howler monkey (D:4)
  2 hounds
  A worker ant (D:4)
  2 adders (D:2)
  A gnoll (D:1)
  An ooze (D:3)
  A dart slug (D:2)
  2 giant geckos
  3 ball pythons
  A giant cockroach (D:3)
  10 goblins
  3 hobgoblins
  2 jackals (D:4)
  A quokka (D:2)
  5 bats
  3 giant newts
  2 kobolds
  3 rats (D:2)
45 creatures vanquished.

Notes
Turn   | Place    | Note
--------------------------------------------------------------
     0 | D:1      | oplop the Vampire Enchanter began the quest for the Orb.
     0 | D:1      | Reached XP level 1. HP: 13/13 MP: 3/3
   107 | D:1      | Reached XP level 2. HP: 9/19 MP: 5/5
   275 | D:1      | Learned a level 2 spell: Ensorcelled Hibernation
   416 | D:1      | Reached skill level 5 in Hexes
   784 | D:2      | oplop: @?hill ggiant
   784 | D:2      | beem: unknown monster: "hill ggiant"
   784 | D:2      | oplop: @?hill giant
   784 | D:2      | beem: hill giant (C)
                  | Spd:
    10 | HD: 11   | HP: 49-71
                  | AC/EV: 3/4
                  | Dam: 30
                  | items, doors
                  | Res: magic(40), drown
                  | XP:
   652 | Sz: Giant | Int: human.
   784 | D:2      | oplop: @?grinder
   784 | D:2      | beem: Grinder (5)
                  | Spd:
    10 | HD: 6    | HP: 32-47
                  | AC/EV: 3/11
                  | Dam: 11(pain)
                  | demonic, items, doors, unholy, see invisible
                  | Res: magic(20), cold++, poison, rot, neg+++, torm
                  | Vul: holy++, silver
                  | XP: 276
                  | Sp: pain (d14) [!sil], paralyse [!sil], blink [!sil]
                  | Sz: little
                  | Int: human.
   991 | D:2      | Reached XP level 3. HP: 24/24 MP: 6/6
  1103 | D:2      | Reached skill level 5 in Stealth
  1131 | D:2      | xeno23: у меня там гость ФоФи
  1131 | D:2      | oplop: хороший у тебя гост
  1131 | D:2      | oplop: угу
  1131 | D:2      | oplop: нафига он в зиги полез интересно
  1131 | D:2      | xeno23: у него даже рф нет вообще
  1192 | D:2      | Found a sparkling altar of Nemelex Xobeh.
  1540 | D:3      | Reached XP level 4. HP: 29/30 MP: 5/8
  1965 | D:3      | Found a glowing silver altar of Zin.
  1966 | D:3      | Noticed an angel
  2289 | D:4      | Learned a level 3 spell: Confuse
  2293 | D:4      | Learned a level 3 spell: Tukima's Dance
  2296 | D:4      | Noticed a phantom
  2296 | D:4      | Noticed a hippogriff
  2304 | D:4      | Reached XP level 5. HP: 35/35 MP: 6/10
  2522 | D:4      | Killed a phantom
  2522 | D:4      | Reached XP level 6. HP: 23/41 MP: 9/11
  2578 | D:4      | Slain by a hippogriff

Skill      XL: |  1  2  3  4 |
---------------+-------------+-----
Hexes          | 5 6 |  6.8
Stealth        | 5 6 |  6.8
Spellcasting   | 3 |  3.7
Short Blades   | |  1.1
Dodging        | |  2.1

Action                   |  1- 3 |  4- 6 || total
-------------------------+-------+-------++-------
Melee: Dagger            |    69 |    57 ||   126
       Bite              |     5 |     5 ||    10
 Cast: Ensorcelled Hiber |     4 |    11 ||    15
       Confuse           |       |     3 ||     3
 Abil: End Transformatio |       |     1 ||     1
       Bat Form          |       |     1 ||     1
  Use: Potion            |       |     5 ||     5
 Stab: Sleeping          |    13 |    12 ||    25
       Confused          |       |     2 ||     2
Armor: Robe              |    11 |     7 ||    18
Dodge: Dodged            |    39 |    34 ||    73
